FSL
ST. LUCIE METS @ CHARLOTTE STONE CRABS
08/22/2099
 
TOP OF THE 1ST
St. Lucie Mets batting - Pitching for Charlotte Stone Crabs : RHP Eddie Melendez
Pitching: RHP Eddie Melendez
Batting: SHB Martin Fornes 0-0: Called Strike
0-1: Ground out 4-3 (Groundball, 4S, EV 89.4 MPH)
Batting: LHB Jamie Heath 0-0: Ball
1-0: Foul Ball, location: 5FF
1-1: Ball
2-1: Foul Ball, location: 2F
2-2: Foul Ball, location: 5DF
2-2: Ball
3-2: Strikes out swinging
Batting: RHB Joe Dahl 0-0: Ball
1-0: Ball
2-0: Foul Ball, location: 9LSF
2-1: Foul Ball, location: 2LF
2-2: Foul Ball, location: 9LDF
2-2: Strikes out swinging
Top of the 1st over - 0 runs, 0 hits, 0 errors, 0 left on base; St. Lucie 0 - Charlotte 0
BOTTOM OF THE 1ST
Charlotte Stone Crabs batting - Pitching for St. Lucie Mets : RHP Chris Heining
Pitching: RHP Chris Heining
Batting: RHB Alfredo Zapata 0-0: Foul Ball, location: 3SF
0-1: Swinging Strike
0-2: Ball
1-2: Ball
2-2: Ball
3-2: Foul Ball, location: 2F
3-2: Strikes out swinging
Batting: LHB Joe Carter 0-0: Ball
1-0: Ball
2-0: SOLO HOME RUN (Flyball, 78XD, EV 104.4 MPH), Distance : 430 ft
Batting: RHB Jeff Rock 0-0: Ball
1-0: Fly out, F8 (Line Drive, 8RM, EV 97.5 MPH)
Batting: LHB Ivan Santana 0-0: Fly out, F9 (Flyball, 9LSF, EV 82.5 MPH)
Bottom of the 1st over - 1 run, 1 hit, 0 errors, 0 left on base; St. Lucie 0 - Charlotte 1
TOP OF THE 2ND
St. Lucie Mets batting - Pitching for Charlotte Stone Crabs : RHP Eddie Melendez
Batting: RHB Ethan Robinson 0-0: Ball
1-0: DOUBLE (Flyball, 8LXD, EV 103.8 MPH)
Batting: LHB Victor Vargas 0-0: Ball
1-0: Called Strike
1-1: SINGLE (Groundball, 6MD, EV 95.0 MPH)
Ethan Robinson to third
Batting: RHB Tony Galicia 0-0: Fielders Choice at 2nd, 5-4 (Groundball, 56, EV 84.4 MPH)
Ethan Robinson scores
Batting: RHB Craig Dennison 0-0: Swinging Strike
0-1: Grounds into double play, U6-3 (Groundball, 4M, EV 90.0 MPH)
Top of the 2nd over - 1 run, 2 hits, 0 errors, 0 left on base; St. Lucie 1 - Charlotte 1
BOTTOM OF THE 2ND
Charlotte Stone Crabs batting - Pitching for St. Lucie Mets : RHP Chris Heining
Batting: RHB Isaiah Qualls 0-0: Ball
1-0: Ball
2-0: Foul Ball, location: 2F
2-1: Called Strike
2-2: Foul Ball, location: 23FF
2-2: Strikes out swinging
Batting: RHB Estaçio Barrocas 0-0: Ball
1-0: Called Strike
1-1: Foul Ball, location: 25F
1-2: Ball
2-2: Fly out, F8 (Flyball, 89M, EV 96.3 MPH)
Batting: RHB Jose Cobian 0-0: Called Strike
0-1: Ball
1-1: Ball
2-1: Ball
3-1: Foul Ball, location: 9LSF
3-2: Ground out 6-3 (Groundball, 6, EV 84.4 MPH)
Bottom of the 2nd over - 0 runs, 0 hits, 0 errors, 0 left on base; St. Lucie 1 - Charlotte 1
TOP OF THE 3RD
St. Lucie Mets batting - Pitching for Charlotte Stone Crabs : RHP Eddie Melendez
Batting: RHB Tom Dixon 0-0: Swinging Strike
0-1: Swinging Strike
0-2: Ball
1-2: Foul Ball, location: 9LMF
1-2: Strikes out looking
Batting: RHB Luis Medina 0-0: Called Strike
0-1: Called Strike
0-2: Foul Ball, location: 2F
0-2: Strikes out swinging
Batting: SHB Martin Fornes 0-0: Ball
1-0: Called Strike
1-1: Ball
2-1: Swinging Strike
2-2: Strikes out swinging
Top of the 3rd over - 0 runs, 0 hits, 0 errors, 0 left on base; St. Lucie 1 - Charlotte 1
BOTTOM OF THE 3RD
Charlotte Stone Crabs batting - Pitching for St. Lucie Mets : RHP Chris Heining
Batting: RHB Jason William 0-0: Ball
1-0: Swinging Strike
1-1: SINGLE (Line Drive, 56D, EV 105.0 MPH)
Batting: RHB Alex Cooper 0-0: Bunted foul
0-1: Fly out, F4 (Popup, 4, EV 29.4 MPH)
Batting: RHB Alfredo Zapata 0-0: Fly out, F7 (Flyball, 7, EV 84.4 MPH)
Batting: LHB Joe Carter 0-0: Called Strike
Jason William steals 2nd base
0-1: Fly out, F9 (Flyball, 9LM, EV 91.3 MPH)
Bottom of the 3rd over - 0 runs, 1 hit, 0 errors, 1 left on base; St. Lucie 1 - Charlotte 1
TOP OF THE 4TH
St. Lucie Mets batting - Pitching for Charlotte Stone Crabs : RHP Eddie Melendez
Batting: LHB Jamie Heath 0-0: Swinging Strike
0-1: Foul Ball, location: 23F
0-2: Strikes out swinging
Batting: RHB Joe Dahl 0-0: Ball
1-0: Foul Ball, location: 9LSF
1-1: Ball
2-1: Foul Ball, location: 7LDF
2-2: Foul Ball, location: 2F
2-2: Ball
3-2: SINGLE (Groundball, 6S, EV 69.4 MPH) (infield hit)
Batting: RHB Ethan Robinson 0-0: Foul Ball, location: 3F
0-1: Called Strike
0-2: Strikes out swinging
Batting: LHB Victor Vargas 0-0: Foul Ball, location: 5FF
0-1: Called Strike
0-2: Foul Ball, location: 2F
0-2: Ball
1-2: Ball
Wild Pitch!
Joe Dahl to second
2-2: Ball
3-2: Strikes out swinging
Top of the 4th over - 0 runs, 1 hit, 0 errors, 1 left on base; St. Lucie 1 - Charlotte 1
BOTTOM OF THE 4TH
Charlotte Stone Crabs batting - Pitching for St. Lucie Mets : RHP Chris Heining
Batting: RHB Jeff Rock 0-0: Swinging Strike
0-1: Fly out, F8 (Flyball, 8LS, EV 95.0 MPH)
Batting: LHB Ivan Santana 0-0: Called Strike
0-1: Fly out, F7 (Flyball, 78S, EV 88.1 MPH)
Batting: RHB Isaiah Qualls 0-0: Ball
1-0: Foul Ball, location: 9LMF
1-1: Ball
2-1: Called Strike
2-2: Foul Ball, location: 2F
2-2: Foul Ball, location: 3DF
2-2: DOUBLE (Line Drive, 7LD, EV 103.1 MPH)
Batting: RHB Estaçio Barrocas 0-0: Called Strike
0-1: Ball
1-1: Ball
2-1: Foul Ball, location: 9LSF
2-2: Fly out, F7 (Flyball, 7D, EV 101.3 MPH)
Bottom of the 4th over - 0 runs, 1 hit, 0 errors, 1 left on base; St. Lucie 1 - Charlotte 1
TOP OF THE 5TH
St. Lucie Mets batting - Pitching for Charlotte Stone Crabs : RHP Eddie Melendez
Batting: RHB Tony Galicia 0-0: Ball
1-0: Ball
2-0: Ball
3-0: Called Strike
3-1: Foul Ball, location: 2F
3-2: SINGLE (Groundball, 23, EV 70.0 MPH) (infield hit)
Batting: RHB Craig Dennison 0-0: Swinging Strike
0-1: Foul Ball, location: 3F
0-2: Foul Ball, location: 25F
0-2: Fielders Choice at 2nd, 6-4 (Groundball, 6, EV 88.1 MPH)
Batting: RHB Tom Dixon 0-0: Foul Ball, location: 2F
0-1: Foul Ball, location: 7LMF
0-2: Strikes out swinging
Batting: RHB Luis Medina 0-0: Called Strike
0-1: Swinging Strike
0-2: Ball
1-2: Ball
2-2: Ground out U3 (Groundball, 34S, EV 89.4 MPH)
Top of the 5th over - 0 runs, 1 hit, 0 errors, 1 left on base; St. Lucie 1 - Charlotte 1
BOTTOM OF THE 5TH
Charlotte Stone Crabs batting - Pitching for St. Lucie Mets : RHP Chris Heining
Batting: RHB Jose Cobian 0-0: Fly out, F5 (Line Drive, 56, EV 70.6 MPH)
Batting: RHB Jason William 0-0: Ball
1-0: Ball
2-0: Fly out, F4 (Popup, 34S, EV 78.8 MPH)
Batting: RHB Alex Cooper 0-0: Swinging Strike
0-1: Swinging Strike
0-2: Ball
1-2: Strikes out swinging
Bottom of the 5th over - 0 runs, 0 hits, 0 errors, 0 left on base; St. Lucie 1 - Charlotte 1
TOP OF THE 6TH
St. Lucie Mets batting - Pitching for Charlotte Stone Crabs : RHP Eddie Melendez
Batting: SHB Martin Fornes 0-0: Swinging Strike
0-1: Foul Ball, location: 23F
0-2: Ball
1-2: Ball
2-2: Ball
3-2: Fly out, F2 (Popup, 5SF, EV 78.8 MPH)
Batting: LHB Jamie Heath 0-0: Ball
1-0: Ball
2-0: Foul Ball, location: 7LMF
2-1: Ball
3-1: Swinging Strike
3-2: Foul Ball, location: 7LMF
3-2: Foul Ball, location: 5F
3-2: Strikes out swinging
Batting: RHB Joe Dahl 0-0: Called Strike
0-1: Swinging Strike
0-2: Strikes out looking
Top of the 6th over - 0 runs, 0 hits, 0 errors, 0 left on base; St. Lucie 1 - Charlotte 1
BOTTOM OF THE 6TH
Charlotte Stone Crabs batting - Pitching for St. Lucie Mets : RHP Chris Heining
Batting: RHB Alfredo Zapata 0-0: SINGLE (Groundball, P, EV 82.5 MPH) (infield hit)
Batting: LHB Joe Carter 0-0: Ball
Alfredo Zapata steals 2nd base
1-0: Ball
2-0: Ground out 4-3 (Groundball, 4, EV 78.8 MPH)
Alfredo Zapata to third
Batting: RHB Jeff Rock 0-0: Called Strike
0-1: Fielders Choice at home, 4-2 (Groundball, 4, EV 80.6 MPH)
Batting: LHB Ivan Santana 0-0: Ball
1-0: SINGLE (Flyball, 56D, EV 89.4 MPH)
Jeff Rock to second
Batting: RHB Isaiah Qualls 0-0: Ball
1-0: Ball
2-0: Called Strike
2-1: SINGLE (Line Drive, 7S, EV 91.9 MPH)
Jeff Rock to third
Ivan Santana to second
Runner from 3rd tries for Home, SAFE, throw by LF to home
Pinch Runner at 2nd Chad Morris:
Batting: RHB Estaçio Barrocas 0-0: Foul Ball, location: 2F
0-1: Ball
1-1: SINGLE (Line Drive, 34D, EV 95.6 MPH)
Chad Morris to third
Isaiah Qualls to second
Runner from 3rd tries for Home, SAFE, throw by RF to home
Batting: RHB Jose Cobian 0-0: Ball
1-0: Ball
2-0: Called Strike
2-1: Foul Ball, location: 3FF
2-2: Ball
3-2: Foul Ball, location: 5FF
3-2: Base on Balls
Isaiah Qualls to third
Estaçio Barrocas to second
Batting: RHB Jason William 0-0: SINGLE (Groundball, 6MD, EV 105.0 MPH)
Isaiah Qualls scores
Estaçio Barrocas to third
Jose Cobian to second
Runner from 3rd tries for Home, SAFE, throw by CF to home
Batting: RHB Alex Cooper 0-0: Ball
1-0: Foul Ball, location: 3F
1-1: SINGLE (Groundball, 34D, EV 103.1 MPH)
Jose Cobian to third
Jason William to second
Runner from 3rd tries for Home, SAFE, throw by RF to home
Pitching: RHP Kirk Servin
Batting: RHB Alfredo Zapata 0-0: Called Strike
0-1: SINGLE (Groundball, 34D, EV 96.9 MPH)
Jason William to third
Alex Cooper to second
Runner from 3rd tries for Home, SAFE, throw by RF to home
Batting: LHB Joe Carter 0-0: Called Strike
0-1: Ball
1-1: Ball
2-1: Foul Ball, location: 7LDF
2-2: SINGLE (Groundball, 4, EV 91.9 MPH)
Alex Cooper to third
Alfredo Zapata to second
Runner from 3rd tries for Home, SAFE, throw by CF to home
Batting: RHB Jeff Rock 0-0: Called Strike
0-1: Ball
1-1: Called Strike
1-2: Strikes out swinging
Bottom of the 6th over - 7 runs, 8 hits, 0 errors, 2 left on base; St. Lucie 1 - Charlotte 8
TOP OF THE 7TH
St. Lucie Mets batting - Pitching for Charlotte Stone Crabs : RHP Eddie Melendez
Now at 3B: Andy Pyszka
Batting: RHB Ethan Robinson 0-0: Ball
1-0: Foul Ball, location: 9LMF
1-1: Called Strike
1-2: Ball
2-2: Ball
3-2: Fly out, F8 (Flyball, 8RD, EV 97.5 MPH)
Pitching: RHP Jesus Jauregui
Batting: LHB Victor Vargas 0-0: Ground out 4-3 (Groundball, 4M, EV 110.6 MPH)
Batting: RHB Tony Galicia 0-0: Ball
1-0: Ball
2-0: Called Strike
2-1: Fly out, F8 (Line Drive, 8RM, EV 92.5 MPH)
Top of the 7th over - 0 runs, 0 hits, 0 errors, 0 left on base; St. Lucie 1 - Charlotte 8
BOTTOM OF THE 7TH
Charlotte Stone Crabs batting - Pitching for St. Lucie Mets : RHP Kirk Servin
Batting: RHB Andy Pyszka 0-0: Ball
1-0: Swinging Strike
1-1: Ball
2-1: Ball
3-1: Base on Balls
Batting: RHB Isaiah Qualls 0-0: Ball
1-0: SINGLE (Line Drive, 8LS, EV 91.9 MPH)
Andy Pyszka to second
Batting: RHB Estaçio Barrocas 0-0: Called Strike
0-1: Ball
1-1: Ball
2-1: Foul Ball, location: 3DF
2-2: Ball
3-2: Strikes out swinging
Batting: RHB Jose Cobian 0-0: Called Strike
0-1: Ball
1-1: Swinging Strike
1-2: SINGLE (Line Drive, 8RS, EV 91.3 MPH)
Andy Pyszka to third
Isaiah Qualls to second
Runner from 3rd tries for Home, SAFE, throw by CF to home
Isaiah Qualls to third
Jose Cobian to second
Batting: RHB Jason William 0-0: Called Strike
0-1: Ball
1-1: Ball
2-1: Ground out 4-3 (Groundball, 4M, EV 95.6 MPH)
Isaiah Qualls scores
Batting: RHB Alex Cooper 0-0: Ball
1-0: Foul Ball, location: 2F
1-1: Ball
2-1: Foul Ball, location: 5FF
2-2: Ball
3-2: Strikes out swinging
Bottom of the 7th over - 2 runs, 2 hits, 0 errors, 1 left on base; St. Lucie 1 - Charlotte 10
TOP OF THE 8TH
St. Lucie Mets batting - Pitching for Charlotte Stone Crabs : RHP Jesus Jauregui
Batting: RHB Craig Dennison 0-0: Foul Ball, location: 2F
0-1: Swinging Strike
0-2: Ground out 5-3 (Groundball, 56, EV 81.9 MPH)
Batting: RHB Tom Dixon 0-0: Ball
1-0: Foul Ball, location: 2F
1-1: Called Strike
1-2: Foul Ball, location: 5FF
1-2: Ball
2-2: Ball
3-2: Fly out, F7 (Flyball, 78D, EV 93.1 MPH)
Pinch Hitting: RHB Willie Alfonso 0-0: Called Strike
0-1: Ball
1-1: Ball
2-1: Swinging Strike
2-2: Foul Ball, location: 25F
2-2: Foul Ball, location: 2F
2-2: Ball
3-2: Foul Ball, location: 23FF
3-2: Strikes out looking
Top of the 8th over - 0 runs, 0 hits, 0 errors, 0 left on base; St. Lucie 1 - Charlotte 10
BOTTOM OF THE 8TH
Charlotte Stone Crabs batting - Pitching for St. Lucie Mets : RHP Kirk Servin
Now at 3B: Willie Alfonso
Now at SS: Tony Galicia
Batting: RHB Alfredo Zapata 0-0: Ball
1-0: Fly out, F7 (Flyball, 78S, EV 78.8 MPH)
Batting: LHB Joe Carter 0-0: Called Strike
0-1: Swinging Strike
0-2: Ball
1-2: Ball
2-2: Ball
3-2: Base on Balls
Batting: RHB Jeff Rock 0-0: Fly out, F9 (Flyball, 9LS, EV 95.6 MPH)
Batting: RHB Andy Pyszka 0-0: Ball
1-0: Fly out, F8 (Flyball, 8RXD, EV 94.4 MPH)
Bottom of the 8th over - 0 runs, 0 hits, 0 errors, 1 left on base; St. Lucie 1 - Charlotte 10
TOP OF THE 9TH
St. Lucie Mets batting - Pitching for Charlotte Stone Crabs : RHP Jesus Jauregui
Pinch Hitting: LHB Oliver Espinoza 0-0: DOUBLE (Flyball, 7LD, EV 105.6 MPH)
Pinch Hitting: RHB Victor Hernandez 0-0: Called Strike
0-1: Swinging Strike
0-2: Ball
1-2: Strikes out swinging, 2-3 out at first.
Pinch Hitting: RHB Joey Goforth 0-0: Called Strike
0-1: Called Strike
0-2: Strikes out swinging
Batting: RHB Ethan Robinson 0-0: Called Strike
0-1: Called Strike
0-2: Ball
1-2: Hit by Pitch
Batting: LHB Victor Vargas 0-0: Ball
1-0: Ball
2-0: Ball
3-0: Called Strike
3-1: Ground out 4-3 (Groundball, 4, EV 87.5 MPH)
Top of the 9th over - 0 runs, 1 hit, 0 errors, 2 left on base; St. Lucie 1 - Charlotte 10
Wednesday, May 15th , 2024 - OOTP Baseball 24.11 Build 85